 Dungeon Crawl Stone Soup version 0.31.0-11-ge490571c62 (webtiles) character file.

Game seed: 8621460639210130605

5293 Fodor the Cleaver (level 10, 0/90 HPs)
             Began as a Minotaur Fighter on Feb 8, 2024.
             Was an Initiate of Gozag.
             Slain by an orc warrior
             ... wielding a +0 flail
              (4 damage)
             ... on level 8 of the Dungeon.
             The game lasted 00:34:47 (6685 turns).

Fodor the Cleaver (Minotaur Fighter)                Turns: 6685, Time: 00:34:48

Health: 0/90       AC: 16    Str: 24    XL:     10   Next: 37%
Magic:  0/9        EV: 11    Int:  5    God:    Gozag
Gold:   748        SH:  0    Dex: 17    Spells: 9/9 levels left

rFire   + . .        m - +3 flail (heavy)
rCold   x . .        (no shield)
rNeg    . . .        C - +0 chain mail
rPois   .            (helmet restricted)
rElec   .            a - +2 cloak
rCorr   .            (no gloves)
SInv    .            j - +0 pair of boots
Will    .....        G - amulet of guardian spirit Stlth
                     g - ring of fire
HPRegen 0.35/turn    l - +6 ring of dexterity
MPRegen 0.11/turn

%: guardian spirit
@: no status effects
A: horns 2, retaliatory headbutt
a: Renounce Religion, Potion Petition, Call Merchant, Bribe Branch


You were on level 8 of the Dungeon.
You worshipped Gozag.
Gozag was pleased with you.
You visited 1 branch of the dungeon, and saw 8 of its levels.
You also visited: Ossuary.

You collected 837 gold pieces.
You paid 89 gold pieces to Gozag.

Inventory:

Hand Weapons
 m - a +3 heavy flail (weapon)
 D - a +0 longbow
 J - a +0 lajatang
 M - a +1 orcbow of draining
Missiles
 H - 2 throwing nets (quivered)
Armour
 a - a +2 cloak (worn)
 c - a +0 buckler
 j - a +0 pair of boots (worn)
 C - a +0 chain mail (worn)
Jewellery
 g - a ring of fire (left hand)
 l - a +6 ring of dexterity (right hand)
 p - a ring of protection from cold
 F - a +6 ring of intelligence
 G - an amulet of guardian spirit (around neck)
Talismans
 q - a flux talisman
Wands
 r - a wand of paralysis (13)
 s - a wand of mindburst (19)
 x - a wand of polymorph (4)
Scrolls
 b - 3 scrolls of blinking
 e - 7 scrolls of fog
 f - 2 scrolls of immolation
 i - 2 scrolls of amnesia
 n - 4 scrolls of teleportation
 u - 2 scrolls of poison
 v - 2 scrolls of noise
 y - a scroll of silence
 E - a scroll of brand weapon
 I - a scroll of fear
 K - a scroll of revelation
Potions
 d - a potion of might
 h - 2 potions of heal wounds
 k - a potion of haste {unknown}
 o - a potion of mutation {unknown}
 t - 2 potions of ambrosia
 w - a potion of invisibility {unknown}
 z - a potion of attraction {unknown}
 A - a potion of brilliance {unknown}
 B - a potion of enlightenment {unknown}
 L - a potion of resistance {unknown}


   Skills:
 + Level 8.9 Fighting
 + Level 11.1(11.9) Axes
 + Level 7.1(10.1) Maces & Flails
 + Level 0.3 Ranged Weapons
 + Level 9.0 Armour
 + Level 4.0 Dodging
 + Level 1.0 Stealth
 + Level 5.2 Shields


You had 9 spell levels left.
You didn't know any spells.
Your spell library contained the following spells:

 Spells                   Type           Power      Damage    Failure   Level
 Freeze                   Ice            0%         1d3       94%         1
 Cigotuvi's Dreadful Rot  Necr/Alch/Air  0%         N/A       98%         2
 Dazzling Flash           Conj/Hex       0%         N/A       100%        3
 Frozen Ramparts          Ice            0%         1d1       100%        3
 Hailstorm                Conj/Ice       0%         3d5       100%        3
 Mephitic Cloud           Conj/Alch/Air  0%         N/A       100%        3
 Ignite Poison            Fire/Alch      0%         N/A       100%        4
 Vhi's Electric Charge    Tloc/Air       0%         N/A       100%        4
 Arcjolt                  Conj/Air       0%         1d10      100%        5
 Curse of Agony           Necr           0%         N/A       100%        5
 Freezing Cloud           Conj/Ice/Air   0%         6-21      100%        5
 Silence                  Hex/Air        0%         N/A       100%        5
 Plasma Beam              Fire/Air       0%         2x1d10    100%        6


Dungeon Overview and Level Annotations

Branches:
Dungeon (8/15)             Temple (0/1) D:7         Ossuary (visited)
   Lair: D:8-11

Altars:
Elyvilon
Gozag
Yredelemnul

Shops:
D:5 (

Annotations:
D:4 1 runed translucent door, Sandpaper2's ghost, amateur HOFi


Innate Abilities, Weirdness & Mutations

You have a pair of horns on your head.
You reflexively headbutt those who attack you in melee.


Message History

The orc hits you but does no damage. The yak gores you but does no damage.
You hammer the yak like a gong!!!
You kill the yak!
The orc warrior completely misses you. You furiously retaliate!
You headbutt the orc warrior.
The orc is distracted by your dazzling golden aura.
The orc warrior hits you with a +0 flail.
* * * LOW HITPOINT WARNING * * *
The orc shouts!
You bludgeon the orc!!
You kill the orc!
The orc warrior hits you with a +0 flail!
* * * LOW HITPOINT WARNING * * *
The orc warrior completely misses you.
Things that are here:
4 gold pieces; a +0 dagger You hit the orc warrior.
The orc warrior is lightly wounded.
The orc warrior misses you. The orc warrior barely misses you.
You barely miss the orc warrior.
The orc warrior is lightly wounded.
The orc warrior misses you. You furiously retaliate!
You headbutt the orc warrior! You barely miss the orc warrior.
Your headbutt misses the orc warrior.
The orc warrior is heavily wounded.
The orc warrior closely misses you.
You barely miss the orc warrior. Your headbutt misses the orc warrior.
The orc warrior is heavily wounded.
The orc warrior hits you but does no damage.
You closely miss the orc warrior. Your headbutt misses the orc warrior.
The orc warrior is heavily wounded.
The orc warrior hits you with a +0 flail!
* * * LOW HITPOINT WARNING * * *
The orc warrior hits you with a +0 flail!
* * * LOW HITPOINT WARNING * * *
You barely miss the orc warrior. You headbutt the orc warrior.
The orc warrior is severely wounded.
The orc warrior hits you with a +0 flail.
You die...
Your body crumbles into a pile of gold.

...##..##
...##.........####.##
.. #... ..##
#....#....# ### #
.....
..####....#....#
....... #..........##
.........
#..........#
...........
##.........#
#....#.....#
#..o$...####
##@$..###
.......[####
.##....## #...# .?...
.....# ..... .....


You could see an orc warrior.

Vanquished Creatures
  Pikel (D:7)
  Prince Ribbit (D:5)
  Grinder (D:3)
  Sigmund (D:4)
  4 yaks (D:8)
  Eustachio (D:5)
  Menkaure (D:4)
  Edmund (D:5)
  2 water moccasins
  A sky beast (D:6)
  2 black bears
  2 ice beasts
  3 ogres
  A centaur (D:8)
  3 phantoms
  2 kobold brigands
  A weeping skull (Ossuary)
  3 bullfrogs
  Blork the orc (D:4)
  A scorpion (D:6)
  A gnoll sergeant (D:8)
  4 wights (D:7)
  2 elf skeletons (D:5)
  5 killer bees (D:8)
  A howler monkey (D:5)
  2 jellies (D:7)
  2 hounds (D:6)
  2 human zombies (D:5)
  2 orc priests
  3 gnoll boudas
  A human skeleton (D:5)
  Ijyb (D:3)
  3 iguanas
  5 orc wizards
  3 mummies (Ossuary)
  Robin (D:3)
  19 gnolls
  5 adders
  A white imp (D:6)
  2 ufetubi (D:6)
  2 dart slugs
  A ribbon worm (D:3)
  28 orcs
  4 endoplasms
  2 giant cockroaches
  2 gnoll zombies (Ossuary)
  9 goblins
  9 hobgoblins
  3 jackals (D:1)
  12 kobolds
  3 quokkas
  3 ball pythons
  4 bats (D:1)
  4 frilled lizards
  4 gnoll skeletons (Ossuary)
  3 goblin skeletons (Ossuary)
  2 goblin zombies (Ossuary)
  8 hobgoblin skeletons (Ossuary)
  6 hobgoblin zombies (Ossuary)
  3 kobold skeletons (Ossuary)
  4 kobold zombies (Ossuary)
  6 orc skeletons (Ossuary)
  6 orc zombies
  4 rats
  A rat skeleton (Ossuary)
  6 rat zombies (Ossuary)
237 creatures vanquished.

Notes
Turn   | Place    | Note
-------+----------+-------------------------------------------
     0 | D:1      | Fodor the Minotaur Fighter began the quest for the Orb.
     0 | D:1      | Reached XP level 1. HP: 19/19 MP: 0/0
   108 | D:1      | Reached XP level 2. HP: 27/27 MP: 1/1
   448 | D:1      | Reached XP level 3. HP: 33/33 MP: 2/2
   590 | D:1      | Found a faded altar of an unknown god.
  1227 | D:3      | Noticed Ijyb
  1253 | D:3      | Noticed Robin
  1264 | D:3      | Killed Robin
  1265 | D:3      | Reached skill level 3 in Axes
  1277 | D:3      | Reached XP level 4. HP: 32/41 MP: 3/3
  1361 | D:3      | Reached skill level 5 in Fighting
  1421 | D:3      | Noticed Grinder
  1441 | D:3      | Killed Grinder
  1442 | D:3      | Reached skill level 5 in Axes
  1442 | D:3      | Reached skill level 1 in Dodging
  1442 | D:3      | Reached XP level 5. HP: 43/48 MP: 4/4
  1442 | D:3      | Reached XP level 6. HP: 50/56 MP: 5/5
  1718 | D:3      | Paralysed by Ijyb for 2 turns
  1726 | D:3      | Paralysed by Ijyb for 5 turns
  1738 | D:3      | Paralysed by Ijyb for 4 turns
  1744 | D:3      | Killed Ijyb
  1751 | D:3      | Found a white marble altar of Elyvilon.
  1910 | D:3      | Reached skill level 5 in Armour
  2129 | D:4      | Reached skill level 6 in Axes
  2378 | D:4      | Noticed Sandpaper2's ghost (amateur HOFi)
  2381 | D:4      | Found a runed translucent door.
  2715 | D:4      | Noticed Blork the orc
  2719 | D:4      | Noticed Menkaure
  2721 | D:4      | Killed Blork the orc
  2722 | D:4      | Reached XP level 7. HP: 54/61 MP: 6/6
  2733 | D:4      | Killed Menkaure
  2769 | D:4      | Reached skill level 7 in Axes
  2923 | D:4      | Noticed Sigmund
  2929 | D:4      | Killed Sigmund
  2995 | D:4      | Reached XP level 8. HP: 57/71 MP: 7/7
  3061 | D:5      | Entered Level 5 of the Dungeon
  3076 | D:5      | Reached skill level 8 in Axes
  3119 | D:5      | HP: 3/71 [iguana (7)]
  3122 | D:5      | HP: 1/71 [poisoned by a water moccasin]
  3358 | D:5      | Reached skill level 9 in Axes
  3404 | D:5      | Found a sand-covered staircase.
  3416 | Ossuary  | Entered an ossuary
  3567 | Ossuary  | Reached skill level 5 in Shields
  3679 | Ossuary  | Reached skill level 10 in Axes
  3841 | D:5      | Noticed Eustachio
  3848 | D:5      | Found Astrov's Antique Weapon Shoppe.
  3853 | D:5      | Killed Eustachio
  3906 | D:5      | Noticed Prince Ribbit
  3971 | D:5      | Killed Prince Ribbit
  3972 | D:5      | Reached XP level 9. HP: 16/79 MP: 8/8
  4210 | D:5      | Noticed Edmund
  4221 | D:5      | Killed Edmund
  4619 | D:6      | Reached skill level 11 in Axes
  4674 | D:6      | Reached skill level 1 in Maces & Flails
  4714 | D:6      | Found a basalt altar of Yredelemnul.
  4715 | D:6      | Found an opulent altar of Gozag.
  4929 | D:6      | Became a worshipper of Gozag Ym Sagoz the Greedy
  5352 | D:7      | Found a staircase to the Ecumenical Temple.
  5526 | D:7      | Noticed Pikel
  5551 | D:7      | Killed Pikel
  5557 | D:7      | Reached skill level 5 in Maces & Flails
  5745 | D:7      | Reached XP level 10. HP: 70/90 MP: 6/9
  6255 | D:8      | HP: 2/90 [poisoned by a killer bee]
  6669 | D:8      | Reached skill level 1 in Stealth
  6684 | D:8      | HP: 3/90 [orc warrior/+0 flail (7)]
  6685 | D:8      | Slain by an orc warrior

Illustrated notes

Levels and vault maps discovered:
D:1:      saegor_arrival_simple_e, layout_basic,
          hellmonk_ecumenical_altar_leap_of_faith, dreamdust_wishing_well,
          minmay_unequal
D:2:      layout_basic
D:3:      layout_loops_ring, overflow_temple_1_default,
          cheibrodos_sewer_entry_bend, uniq_grinder, uniq_ijyb, uniq_robin
D:4:      layout_gridville, hellmonk_ghost_happy_afterlife, sigmund_army,
          uniq_blork_the_orc, uniq_menkaure
D:5:      layout_cave_pools, nicolae_ossuary_entry_catacombs, serial_shops,
          nicolae_shop_tiny_real_fake_doors, uniq_edmund, uniq_eustachio,
          uniq_prince_ribbit1
D:6:      layout_basic, chequers_temple_overflow_statue_of_worship
D:7:      layout_basic, minmay_temple_entry_gardened_gates, uniq_pikel
D:8:      layout_cave_pools

Skill      XL: |  1  2  3  4  5  6  7  8  9 10 |
---------------+-------------------------------+-----
Fighting       | 4 5 6 7 8 |  8.9
Armour         | 4 5 6 8 9 |  9.0
Shields        | 4 5 |  5.2
Axes           | 3 5 6 7 10 11 | 11.1
Dodging        | 1 2 3 4 |  4.0
Maces & Flails | 5 7 |  7.1
Stealth        | 1 |  1.0
Ranged Weapons | |  0.3

Action                     |  1- 3 |  4- 6 |  7- 9 | 10-12 || total
---------------------------+-------+-------+-------+-------++-------
  Melee: War axe           |    69 |    90 |   208 |       ||   367
         Headbutt          |     8 |    16 |    59 |    14 ||    97
         Flail             |       |       |   113 |    77 ||   190
         Punch             |       |       |     2 |       ||     2
   Fire: Longbow           |       |       |     3 |       ||     3
    Use: Scroll            |       |       |    12 |     1 ||    13
         Potion            |       |       |     4 |     1 ||     5
   Stab: Distracted        |       |       |     1 |     2 ||     3
 Armour: Scale mail        |    61 |    57 |       |       ||   118
         Chain mail        |       |     3 |   277 |   159 ||   439
  Dodge: Dodged            |    41 |    29 |   155 |    93 ||   318
  Block: Buckler           |    20 |    18 |    40 |       ||    78
